 Dungeon Crawl Stone Soup version 0.16-b1 (webtiles) character file.

254 RobertPalmer the Twirler (level 6, 0/39 HPs)
             Began as an Octopode Gladiator on Mar 14, 2015.
             Slain by a kobold
             ... wielding a +0 dagger
              (5 damage)
             ... on level 4 of the Dungeon.
             The game lasted 00:04:26 (3574 turns).

RobertPalmer the Twirler (Octopode Gladiator)       Turns: 3574, Time: 00:04:26

Health: 0/39       AC:  1    Str: 14    XL:     6   Next: 14%
Magic:  6/6        EV: 13    Int: 13    God:
Gold:   109        SH:  0    Dex: 12    Spells: 0 memorised, 5 levels left

rFire  . . .     SeeInvis .     a - +0 quarterstaff
rCold  . . .     Clarity  .     (no shield)
rNeg   . . .     SustAb   .     c - +0 hat
rPois  .         Gourm    .     (no amulet)
rElec  .         Spirit   .     (no ring)
rCorr  .         Warding  .     (no ring)
rMut   .         Stasis   .     (no ring)
MR     .....                    (no ring)
Stlth  ++........               (no ring)
                                (no ring)
                                (no ring)
                                (no ring)

@: not resistant to hostile enchantments, unstealthy
A: almost no armour, amphibious, 8 rings, constrict 8, camouflage 1, gelatinous
body 1
a: no special abilities


You were on level 4 of the Dungeon.
You were not hungry.

You visited 1 branch of the dungeon, and saw 4 of its levels.

You collected 109 gold pieces.

Inventory:

Hand weapons
 a - a +0 quarterstaff (weapon)
Missiles
 d - 2 throwing nets {=f, !d}
Armour
 c - a +0 hat (worn)
Scrolls
 e - 3 scrolls of remove curse {unknown}
 g - 2 scrolls of identify {unknown}
 i - 3 scrolls of fear {unknown}
 j - 2 scrolls of teleportation {unknown}
 l - a scroll of blinking {unknown}
 o - a scroll of recharging {unknown}
Potions
 h - a potion of brilliance {unknown}
 k - a potion of heal wounds {unknown}
 m - a potion of curing
 n - a potion of ambrosia {unknown}
Comestibles
 b - 3 meat rations
 f - 6 bread rations


   Skills:
 - Level 2.0 Fighting
 - Level 6.3 Staves
 - Level 2.0 Throwing
 + Level 3.6 Dodging


You had 5 spell levels left.
You didn't know any spells.

Dungeon Overview and Level Annotations

Branches:
Dungeon (4/15)
 Temple: D:4-7

Altars:
Sif Muna

Annotations:
D:2 Sigmund


Innate Abilities, Weirdness & Mutations

You cannot wear most types of armour.
You are amphibious.
You can wear up to eight rings at the same time.
You can use your tentacles to constrict many enemies at once.
Your skin changes colour to match your surroundings (Stealth).
Your rubbery body absorbs attacks (AC +1).


Message History

You barely miss the orc.
The orc shouts!
You grab the orc. You squeeze the orc.
You kill the orc!
The orc barely misses you.
The rat twitches its whiskers.
You sock the orc! Your grab misses the orc.
The orc is almost dead.
The orc closely misses you.
You sock the orc!
You kill the orc!
The orc misses you.
You hit the orc but do no damage. You grab the orc. You constrict the orc.
The orc hits you. The rat bites you but does no damage.
You hit the orc.
You kill the orc!
You have reached level 6!
Your experience leads to an increase in your attributes!
Increase (S)trength, (I)ntelligence, or (D)exterity?
You feel clever. The rat bites you.
You barely miss the rat. Your grab misses the rat.
The rat barely misses you. (Key replay ran out of keys)
You closely miss the rat. Your grab misses the rat. The rat closely misses you.
You hit the rat but do no damage. You grab the rat.
You squeeze the rat, but do no damage. You constrict the rat.
The rat bites you.
You hit the rat but do no damage.
The rat is moderately wounded.
You constrict the rat.
You kill the rat!
Things that are here:
a club; 2 tomahawks; a rat corpse No target in view!
Items here: ) [ †† a leather armour; a falchion; an orc corpse; an orc corpse
o - a scroll labeled QIFUJA TUMP A goblin comes into view.
A goblin is nearby!
A goblin is nearby!
A goblin is nearby!
A rat comes into view.
The goblin shouts!
You sock the goblin!
You kill the goblin!
You see here a goblin corpse.
You barely miss the rat. You grab the rat. You constrict the rat.
The rat bites you.
A ball python zombie comes into view.
You hit the rat.
You kill the rat!
A giant frog skeleton comes into view.
You hit the ball python zombie. You grab the ball python zombie.
You constrict the ball python zombie.
The ball python zombie closely misses you. x2
You sock the giant frog skeleton! You grab the giant frog skeleton.
You constrict the ball python zombie.
You destroy the ball python zombie!
You constrict the giant frog skeleton.
The giant frog skeleton hits you but does no damage.
You hit the giant frog skeleton. You squeeze the giant frog skeleton!
You constrict the giant frog skeleton.
You destroy the giant frog skeleton!
No target in view!
No target in view!
You now have 109 gold pieces (gained 13).
f - 6 bread rations (gained 1)
A giant gecko skeleton comes into view.
A giant gecko skeleton is nearby!
A giant gecko skeleton is nearby!
A giant gecko skeleton is nearby!
A giant gecko skeleton is nearby!
A kobold comes into view. It is wielding a dagger.
The kobold unwields an uncursed dagger.
The kobold wields a glowing hand crossbow.
The kobold shoots a bolt.
The bolt closely misses you.
You see here a bolt.
The kobold shoots a bolt.
The bolt hits you.
You see here a bolt.
The kobold shoots a bolt.
The bolt hits you!
You see here a bolt.
You are too injured to fight recklessly!
You are too injured to fight recklessly!
You are too injured to fight recklessly!
You see here a bolt.
The kobold shoots a bolt.
The bolt hits you!
* * * LOW HITPOINT WARNING * * *
You see here a bolt.
The kobold shoots a bolt.
The bolt hits you.
* * * LOW HITPOINT WARNING * * *
You see here a bolt.
A giant newt comes into view.
The kobold unwields an uncursed enchanted hand crossbow.
The kobold wields an uncursed dagger.
The kobold hits you but does no damage.
You closely miss the kobold. Your grab misses the kobold.
The kobold misses you.
The giant gecko skeleton barely misses you.
You closely miss the kobold. Your grab misses the kobold.
The kobold hits you with an uncursed dagger.
You die...

# ....##
......#######..
.........##......
...............#...
#..................
#.................
##..K.............
.##....@Z............
..........((((........
l..###...............
. ###.(..........
###............
#..............
###........[...
###...........
#...........


You could see a kobold, a giant newt (sleeping) and a giant gecko skeleton.

Vanquished Creatures
  A scorpion (D:3)
  A giant frog skeleton (D:4)
  An orc wizard (D:3)
  Jessica (D:2)
  Terence (D:2)
  4 adders
  2 giant geckos
  5 oozes
  8 orcs
  A ball python (D:3)
  3 bats
  3 giant cockroaches
  9 goblins
  6 hobgoblins
  9 jackals
  A quokka (D:3)
  A ball python zombie (D:4)
  4 giant newts
  3 kobolds
  8 rats
72 creatures vanquished.

Notes
Turn   | Place    | Note
--------------------------------------------------------------
     0 | D:1      | RobertPalmer, the Octopode Gladiator, began the quest for the Orb.
     0 | D:1      | Reached XP level 1. HP: 14/14 MP: 1/1
    42 | D:1      | Reached XP level 2. HP: 13/19 MP: 2/2
   874 | D:1      | Reached skill level 4 in Staves
   954 | D:1      | Reached XP level 3. HP: 21/24 MP: 3/3
  1100 | D:2      | Noticed Jessica
  1108 | D:2      | Killed Jessica
  1392 | D:2      | Noticed Sigmund
  1454 | D:2      | Noticed Terence
  1467 | D:2      | Killed Terence
  1467 | D:2      | Reached XP level 4. HP: 29/29 MP: 4/4
  1571 | D:2      | Reached skill level 5 in Staves
  1658 | D:2      | Found a deep blue altar of Sif Muna.
  1814 | D:3      | HP: 6/29 [ooze (4)]
  2032 | D:3      | Reached XP level 5. HP: 19/34 MP: 5/5
  2051 | D:3      | HP: 8/34 [poisoned by a scorpion]
  2059 | D:3      | HP: 7/34 [poisoned by a scorpion]
  2482 | D:3      | Reached skill level 6 in Staves
  3519 | D:4      | Reached XP level 6. HP: 34/39 MP: 6/6
  3569 | D:4      | HP: 9/39 [kobold/bolt (10)]
  3570 | D:4      | HP: 4/39 [kobold/bolt (5)]
  3574 | D:4      | Slain by a kobold

Action                   |  1- 3 |  4- 6 || total
-------------------------+-------+-------++-------
Melee: Quarterstaff      |    67 |   102 ||   169
Throw: Throwing net      |     2 |     8 ||    10
  Use: Potion            |     1 |       ||     1
 Stab: Sleeping          |     7 |     5 ||    12
  Eat: Chunk             |     1 |     7 ||     8

Vault maps used:
D:1:      onia_arrival_handbag
D:2:      led_sif_pool, minmay_statues_item, uniq_jessica, uniq_terence,
          uniq_sigmund
D:3:      kennysheep_generic_room_4, uniq_iyjb

Table legend:
 A = Turns spent in this place as a percentage of turns spent in the entire game.
 B = Non-inter-level travel turns spent in this place as a percentage of non-inter-level travel turns spent in the entire game.
 C = Inter-level travel turns spent in this place as a percentage of turns spent in this place.
 D = Turns resting spent in this place as a percentage of non-inter-level travel turns spent in this place.
 E = Turns spent auto-exploring this place as a percentage of non-inter-level travel turns spent in this place.
 F = Non-inter-level travel turns spent in this place divided by the number of levels of this place that you've seen.
                   A       B       C       D       E      F
               +-------+-------+-------+-------+-------+----------------------
         Total | 100.0 | 100.0 |   0.4 |   3.0 |  10.3 | 209.8
       Dungeon | 100.0 | 100.0 |   0.4 |   3.0 |  10.3 | 209.8
               +-------+-------+-------+-------+-------+----------------------

Table legend:
 A = Kills in this place as a percentage of kills in entire the game.
 B = Kills by you in this place as a percentage of kills by you in the entire game.
 C = Kills by friends in this place as a percentage of kills by friends in the entire game.
 D = Other kills in this place as a percentage of other kills in the entire game.
 E = Experience gained in this place as a percentage of experience gained in the entire game.
 F = Experience gained in this place divided by the number of levels of this place that you have seen.
                   A       B       C       D       E      F
               +-------+-------+-------+-------+-------+----------------------
         Total | 100.0 | 100.0 |  -nan |  -nan | 100.0 |  90.8
       Dungeon | 100.0 | 100.0 |  -nan |  -nan | 100.0 |  90.8
               +-------+-------+-------+-------+-------+----------------------
